 Dungeon Crawl Stone Soup version 0.18-a0-1797-gc18daef (webtiles) character file.

666 epen the Ruffian (level 7, -5/44 HPs)
             Began as a Gargoyle Monk on Apr 22, 2016.
             Killed from afar by Dowan (18 damage)
             ... with a shard of ice
             ... on level 5 of the Dungeon.
             The game lasted 00:07:55 (4465 turns).

epen the Ruffian (Gargoyle Monk)                    Turns: 4465, Time: 00:07:56

Health: -5/44      AC:  8    Str: 15    XL:     7   Next: 57%
Magic:  7/7        EV:  9    Int: 11    God:
Gold:   189        SH:  0    Dex: 13    Spells: 1 memorised, 0 levels left

rFire  . . .     SeeInvis .       - Unarmed
rCold  . . .     Gourm    .     a - +0 robe
rNeg   + . .     Faith    .     (no shield)
rPois  ∞         Spirit   .     (no helmet)
rElec  +         Dismiss  .     g - +0 cloak
rCorr  .         Reflect  .     (no gloves)
SustAt .         Harm     .     (no boots)
MR     .....                    (no amulet)
Stlth  +++.......               (no ring)
                                h - ring of stealth

@: exhausted, slowed, very slow, not resistant to hostile enchantments, fairly
stealthy
A: negative energy resistance 1, electricity resistance, unbreathing,
petrification resistance, rot immunity, AC +4
a: no special abilities


You were on level 5 of the Dungeon.
You were hungry.

You visited 1 branch of the dungeon, and saw 5 of its levels.
You also visited: Sewer.

You collected 189 gold pieces.

Inventory:

Armour
 a - a +0 robe (worn)
 g - a +0 cloak (worn)
Jewellery
 h - a ring of stealth (left hand)
Wands
 m - a wand of paralysis (24/24)
Scrolls
 c - 2 scrolls of remove curse
 e - 10 scrolls of identify
 i - a scroll of teleportation
 j - 3 scrolls of amnesia
Books
 k - a Fen Folio

   Spells                             Type                      Level
   a - Corpse Rot                     Necromancy                   2
   b - Stone Arrow                    Conjuration/Earth            3
   c - Leda's Liquefaction            Hexes/Earth                  4
   d - Summon Forest                  Summoning/Translocation      5
   e - Hydra Form                     Transmutation                6
   f - Summon Hydra                   Summoning                    7
Comestibles
 b - 6 bread rations
 d - 3 meat rations
 l - a beef jerky
 n - 2 chunks of flesh


   Skills:
 + Level 5.0 Fighting
 + Level 2.8 Armour
 * Level 4.3 Dodging
 - Level 2.1 Stealth
 * Level 6.0 Unarmed Combat
 * Level 1.2 Transmutations


You couldn't memorise any spells.
You knew the following spells:

 Your Spells              Type           Power        Failure   Level  Hunger
a - Hydra Form            Trmt           #.........   100%        6    #######


Dungeon Overview and Level Annotations

Branches:
Dungeon (5/15)
 Temple: D:4-7

Altars:
Dithmenos
Nemelex Xobeh
Trog
Vehumet
Zin

Annotations:
D:5 Dowan


Innate Abilities, Weirdness & Mutations

You are resistant to torment.
Your stone body is resilient (AC +4).
You are immune to poison.
You resist negative energy.
You are resistant to electric shocks.
You can survive without breathing.
You are immune to petrification.
You are immune to rotting.


Message History

Dowan casts a spell.
Dowan blinks!
The crimson imp blinks!
The shadow imp hits you but does no damage.
Dowan points at you and mumbles some strange words.
The shard of ice hits you!
* * * LOW HITPOINT WARNING * * *
You punch the shadow imp!
You kill the shadow imp!
You see here a howler monkey corpse.
You feel a strong urge to attack something.
You are no longer berserk.
You pass out from exhaustion.
You feel yourself slow down.
You are feeling hungry.
Dowan drinks a potion.
Dowan is healed!
You can move again.
There is a stone staircase leading up here.
Dowan gestures at you while chanting. The shard of ice hits you!
You die...

≈≈≈≈≈≈###.....>..(.....
≈≈≈≈≈≈≈...........##...
#≈≈###≈≈........### .
#≈≈........#
≈###≈≈........# .
≈≈≈≈≈≈##....5####...
≈≈≈≈≈≈≈............#
≈≈###≈≈#.....e.##### ≈
#≈≈.....)@.#
#≈≈.#.....##
≈≈≈≈≈####...## ≈≈≈≈#
##### ####


You could see Dowan and a crimson imp.

Vanquished Creatures
  Duvessa (D:5)
  An ice beast (D:4)
  A phantom (D:4)
  2 howler monkeys
  A hound (D:4)
  2 worker ants (D:4)
  7 adders
  A shadow imp (D:5)
  5 oozes
  An adder skeleton (D:4)
  5 worms
  A dart slug (D:1)
  7 giant geckos
  An orc (D:4)
  5 ball pythons
  6 bats
  9 giant cockroaches
  10 goblins
  7 hobgoblins
  17 jackals
  A quokka (D:3)
  2 giant gecko skeletons (D:4)
  10 giant newts
  8 kobolds
  5 rats
116 creatures vanquished.

Notes
Turn   | Place    | Note
--------------------------------------------------------------
     0 | D:1      | epen the Gargoyle Monk began the quest for the Orb.
     0 | D:1      | Reached XP level 1. HP: 14/14 MP: 1/1
   253 | D:1      | Reached XP level 2. HP: 19/19 MP: 2/2
   515 | D:1      | Reached XP level 3. HP: 23/23 MP: 3/3
   814 | D:1      | Reached skill level 1 in Armour
   875 | D:2      | Found a shadowy altar of Dithmenos.
   906 | D:2      | Reached XP level 4. HP: 20/28 MP: 4/4
  1963 | D:3      | Reached XP level 5. HP: 25/33 MP: 5/5
  2275 | D:3      | Found a glowing drain.
  2303 | D:3      | Reached skill level 5 in Unarmed Combat
  2360 | Sewer    | Entered a sewer
  2870 | D:3      | Found a sparkling altar of Nemelex Xobeh.
  3388 | D:4      | Noticed an ice beast
  3401 | D:4      | Found a glowing silver altar of Zin.
  3435 | D:4      | Reached XP level 6. HP: 27/38 MP: 6/6
  3554 | D:4      | Noticed a phantom
  3592 | D:4      | Killed a phantom
  3767 | D:4      | Killed an ice beast
  3828 | D:4      | Reached XP level 7. HP: 20/44 MP: 7/7
  3836 | D:4      | Learned a level 6 spell: Hydra Form
  4072 | D:4      | Found a radiant altar of Vehumet.
  4083 | D:4      | Found a bloodstained altar of Trog.
  4337 | D:5      | Entered Level 5 of the Dungeon
  4337 | D:5      | Noticed Dowan
  4344 | D:5      | Noticed Duvessa
  4456 | D:5      | Killed Duvessa
  4456 | D:5      | Reached skill level 5 in Fighting
  4456 | D:5      | Reached skill level 6 in Unarmed Combat
  4456 | D:5      | Reached skill level 1 in Transmutations
  4465 | D:5      | Killed from afar by Dowan

Vault maps used:
D:1:      scummos_arrival_checkerplants, serial_glass, glass_columns_a,
          glass_columns_c, glass_columns_a, glass_columns_b
D:2:      old_standard_altar, nrook_mini_vaults, eino_tiny_chamber,
          minmay_misc_feat_x
D:3:      lemuel_upstairs_altar, gup_sewer_entry_pipe, first_bread, nemelex_deck
D:4:      zin_statuary, amethyst_overflow_temple_binary
D:5:      lemuel_doored_altar, minitemple, old_standard_altar,
          minmay_temple_entry_glassed_door, basic_altar, water_boxes_lemuel,
          uniq_duvessa
Sewer:    sewer_frog_island_02

Skill      XL: |  1  2  3  4  5  6  7 |
---------------+----------------------+-----
Dodging        | 3 4 |  4.3
Armour         | 1 2 |  2.8
Fighting       | 4 5 |  5.0
Unarmed Combat | 5 6 |  6.0
Transmutations | 1 |  1.2
Stealth        | |  2.1

Action                   |  1- 3 |  4- 6 |  7- 9 || total
-------------------------+-------+-------+-------++-------
Melee: Unarmed           |    98 |   430 |    52 ||   580
       Punch             |     1 |     7 |     2 ||    10
  Use: Scroll            |       |     6 |       ||     6
       Potion            |       |     5 |     1 ||     6
 Stab: Sleeping          |     3 |     3 |     1 ||     7
       Distracted        |       |       |     1 ||     1
  Eat: Chunk             |       |    10 |     3 ||    13
Armor: Robe              |    30 |   180 |    28 ||   238
Dodge: Dodged            |    59 |   460 |    44 ||   563
